 Dungeon Crawl Stone Soup version 0.20-a0-2-g2b0e13a (webtiles) character file.

97216 GameOver the Devastator (level 16, -23/115 HPs)
             Began as a Naga Summoner on Oct 28, 2016.
             Was the Champion of Cheibriados.
             Killed from afar by a deep elf knight (54 damage)
             ... with a shard of ice
             ... on level 2 of the Elven Halls.
             The game lasted 03:50:55 (24453 turns).

GameOver the Devastator (Naga Summoner)            Turns: 24453, Time: 03:50:56

Health: -23/115    AC: 14    Str: 28    XL:     16   Next: 19%
Magic:  24/45      EV: 10    Int: 40    God:    Cheibriados [******]
Gold:   1394       SH:  6    Dex: 27    Spells: 7 memorised, 8 levels left

rFire  . . .     SeeInvis +     s - staff of power
rCold  . . .     Gourm    .     S - +0 troll leather armour
rNeg   + . .     Faith    .     f - +0 buckler {reflect}
rPois  +         Spirit   .     A - +2 hat
rElec  .         Reflect  +     n - +2 cloak {MR+}
rCorr  .         Harm     .     F - +0 pair of gloves
MR     +++..                    (no barding)
Stlth  ++++......               C - amulet of magic regeneration
                                y - ring of positive energy
                                g - +5 ring of intelligence

@: lethally poisoned (-23 -> -24), repel missiles, very slow
A: see invisible, deformed body, poison resistance, slowness 2, slow metabolism
1, spit poison 1, constrict 1, AC +5
a: Spit Poison, Bend Time, Temporal Distortion, Slouch, Step From Time, Renounce
Religion


You were on level 2 of the Elven Halls.
You worshipped Cheibriados.
Cheibriados was exalted by your worship.
You were very hungry.

You visited 6 branches of the dungeon, and saw 28 of its levels.
You also visited: Labyrinth.

You collected 3130 gold pieces.
You spent 1736 gold pieces at shops.

Inventory:

Hand Weapons
 q - a +0 hand crossbow of freezing
 t - a +2 vampiric lajatang
 w - a +0 demon whip of slashing
Missiles
 j - 194 bolts
Armour
 f - a +0 buckler of reflection (worn)
 n - a +2 cloak of magic resistance (worn)
 A - a +2 hat (worn)
 F - a +0 pair of gloves (worn)
 S - a +0 troll leather armour (worn)
Magical Staves
 s - an uncursed staff of power (weapon)
Jewellery
 g - a +5 ring of intelligence (left hand)
 y - a ring of positive energy (right hand)
 C - an amulet of magic regeneration (around neck)
Wands
 d - a wand of iceblast (6/15)
 h - a wand of teleportation (3/9)
 k - a wand of iceblast (7/15)
 D - a wand of lightning (9/15)
 M - a wand of digging (9/24)
Scrolls
 c - 7 scrolls of identify
 i - 13 scrolls of remove curse
 p - a scroll of fear
 r - 5 scrolls of blinking
 v - 4 scrolls of magic mapping
 x - a scroll of enchant armour
 U - 7 scrolls of teleportation
Potions
 e - a potion of ambrosia
 l - 2 potions of might
 o - a potion of magic
 G - a potion of agility
 Q - 5 potions of heal wounds
 V - 12 potions of curing
Books
 u - the Incunabulum of Unstable Stones
   (You found it on level 1 of the Elven Halls)

   Spells                             Type                      Level
   a - Lesser Beckoning               Translocation                3
   b - Disjunction                    Translocation                8
   c - Shatter                        Earth                        9
 z - a book of the Sky

   Spells                             Type                      Level
   a - Summon Lightning Spire         Summoning/Air                4
   b - Airstrike                      Air                          4
   c - Silence                        Hexes/Air                    5
   d - Deflect Missiles               Charms/Air                   6
   e - Conjure Ball Lightning         Conjuration/Air              6
   f - Tornado                        Air                          9
 E - Naehe's Volume of the Mountains
   (You found it on level 2 of the Elven Halls)

   Spells                             Type                      Level
   a - Sandblast                      Earth                        1
   b - Stone Arrow                    Conjuration/Earth            3
   c - Petrify                        Transmutation/Earth          4
   d - Bolt of Magma                  Conjuration/Fire/Earth       5
   e - Statue Form                    Transmutation/Earth          6
   f - Shatter                        Earth                        9
Miscellaneous
 B - a phial of floods
Comestibles
 a - a bread ration
 b - a royal jelly
 m - a slice of pizza
 W - 12 fruits


   Skills:
 - Level 1.5 Maces & Flails
 - Level 3.0 Armour
 - Level 1.5 Dodging
 - Level 8.0 Stealth
 - Level 3.4 Shields
 - Level 10.0 Spellcasting
 - Level 15.0 Conjurations
 - Level 3.5 Charms
 + Level 14.9 Summonings
 - Level 3.0 Translocations
 - Level 5.0 Ice Magic
 - Level 8.1 Air Magic
 - Level 10.0 Invocations


You had 8 spell levels left.
You knew the following spells:

 Your Spells              Type           Power        Failure   Level  Hunger
a - Orb of Destruction    Conj           #######...   3%          7    #####..
b - Blink                 Tloc           N/A          1%          2    None
e - Spellforged Servitor  Conj/Summ      #######...   4%          7    #####..
q - Summon Lightning Spi  Summ/Air       #######.     1%          4    None
r - Apportation           Tloc           #####.....   1%          1    None
w - Summon Ice Beast      Ice/Summ       #######.     1%          4    None
z - Repel Missiles        Chrm/Air       ######       1%          2    None


Dungeon Overview and Level Annotations

Branches:
Dungeon (14/15)            Temple (1/1) D:4            Lair (6/6) D:11
  Swamp (3/4) Lair:2        Snake (0/4) Lair:4        Slime (0/5) Lair:5
    Orc (2/2) D:12            Elf (2/3) Orc:2        Vaults (0/5) D:13

Altars:
Cheibriados
Elyvilon
Fedhas
Gozag
Hepliaklqana
Kikubaaqudgha
Makhleb
Nemelex Xobeh
Qazlal
Ru
Trog
Vehumet
The Shining One
Lugonu

Shops:
D:11 ?   D:14 =   Orc:2 [*:(


Innate Abilities, Weirdness & Mutations

You cannot wear boots.
Your serpentine skin is tough. (AC +5)
You have supernaturally acute eyesight. (SInv)
Armour fits poorly on your strangely shaped body.
Your system is resistant to poisons. (rPois)
You cover ground very slowly.
You have a slow metabolism.
You can spit poison.
You can use your snake-like lower body to constrict enemies.


Message History

Your ice beast seems to slow down.
You feel slightly more hungry.
You feel sick.
Your ice beast hits the hand axe of venom but does no damage. x2
The hand axe of venom misses you.
The hand axe of venom hits your ice beast. x2
The hand axe of venom hits your ice beast!
Your ice beast dies!
The deep elf knight hits you but does no damage.
Unknown command.
Unknown command.
Unknown command.
You feel sick.
The hand axe of venom hits you but does no damage.
The hand axe of venom hits your ice beast.
The hand axe of venom hits your ice beast but does no damage.
Your ice beast misses the hand axe of venom.
Your ice beast hits the hand axe of venom but does no damage.
The deep elf knight casts a spell at you.
The shard of ice hits you!
You die...

....#.#........ ...............
........)....... ...............#
..............# ...............##
................##
.........@(Y.....#
..........(Y8.....
.....###)e...##. .#.''#''.#.##
#...##### ###########'''# ######
### ##.#.##....##)## #.##.# #.)
##.##.##....#...# #.#.######.#
#.###)###.###...######..####..!.#


You could see a deep elf knight, a hand axe of venom, a friendly spellforged
servitor and 2 friendly ice beasts.

Vanquished Creatures
  Frances (Swamp:2)
  Kirke (Swamp:2)
  Roxanne (Swamp:2)
  A thorn hunter (Swamp:2)
  2 hydras (Swamp:2)
  A centaur warrior (D:14)
  A death knight (D:14)
  2 alligators
  3 death yaks (Lair:6)
  3 dancing weapons
  2 orc high priests (Orc:2)
  4 deep elf knights
  A skeletal warrior (D:14)
  2 unseen horrors
  2 deep elf archers (Elf:1)
  A wizard (D:13)
  An orc knight (Orc:2)
  14 deep elf magi
  An ugly thing (D:12)
  2 orc sorcerers (Orc:2)
  2 elephants (Lair:6)
  A water nymph (shapeshifter) (D:13)
  A spiny frog (Swamp:2)
  2 komodo dragons
  2 trolls
  A two-headed ogre (D:11)
  A blink frog (Lair:1)
  4 hornets
  A hippogriff (Lair:2)
  3 yaks
  A wyvern (D:8)
  A hog (Swamp:2)
  A steam dragon (Lair:6)
  The ghost of dobroeutro the Ducker, an amateur DsGl of Okawaru (D:4)
  A warg (Orc:2)
  5 swamp worms
  A hell hound (Lair:6)
  A porcupine (Lair:4)
  2 swamp drakes (Swamp:2)
  7 orc warriors
  2 sky beasts
  A phantom (D:8)
  2 ogres
  3 wolves
  3 centaurs
  2 big kobolds
  Blork the orc (D:6)
  5 bullfrogs
  2 earth elementals (Elf:1)
  Dowan (D:7)
  4 killer bees
  2 wights
  2 howler monkeys
  A crimson imp (D:8)
  A jelly (D:7)
  2 hounds
  8 orc wizards
  3 centaur skeletons
  2 orc priests
  4 iguanas
  10 worker ants
  A gnoll (Orc:2)
  A howler monkey skeleton (D:6)
  13 adders
  A shadow imp (D:8)
  3 oozes
  An adder skeleton (D:9)
  3 worms
  3 dart slugs
  5 leopard geckos
  24 orcs
  8 bats
  A giant cockroach (D:2)
  6 hobgoblins
  5 jackals
  7 quokkas
  2 frilled lizards
  9 goblins
  A jackal skeleton (D:6)
  7 kobolds
  A leopard gecko skeleton (D:8)
  12 rats
260 creatures vanquished.

Vanquished Creatures (collateral kills)
  2 thorn hunters
  Louise (Swamp:2)
  An iron dragon (Elf:2)
  An orc warlord (Orc:2)
  Azrael (Orc:2)
  A deep elf annihilator (Elf:2)
  A minotaur (Lab)
  A fire dragon (Lair:6)
  A deep elf high priest (Elf:1)
  Josephine (Lair:5)
  8 hydras
  2 catoblepae
  2 ghost crabs
  A centaur warrior (D:13)
  6 dancing weapons
  7 alligators
  2 orc high priests
  A tengu warrior (D:13)
  8 deep elf knights
  6 spriggans
  A shadow wraith (D:13)
  3 skeletal warriors (D:14)
  A fire crab (Lair:6)
  An iron troll (D:13)
  A shambling mangrove (Swamp:3)
  A swamp dragon (Swamp:2)
  7 deep elf archers
  6 hill giants
  5 orc knights
  5 ugly things (D:11)
  A wolf spider (D:14)
  20 deep elf magi
  6 orc sorcerers
  An oklob plant (Lair:6)
  A manticore (D:14)
  2 cyclopes
  12 elephants (Lair:6)
  5 black mambas
  3 molten gargoyles (Lair:6)
  8 spiny frogs
  An orange demon (D:12)
  5 gargoyles
  A rime drake (Lair:4)
  An efreet (D:14)
  11 komodo dragons
  A tengu conjurer (D:13)
  A red devil (D:12)
  6 tyrant leeches
  5 hornets
  A polar bear (Lair:6)
  2 two-headed ogres (D:8)
  30 blink frogs
  5 bog bodies
  5 trolls
  10 hippogriffs
  7 dream sheep
  15 slime creatures
  2 air elementals (Elf:1)
  A shadow (Swamp:2)
  4 water elementals (Elf:1)
  4 wraiths
  46 yaks
  8 wyverns
  6 fire elementals
  9 basilisks
  2 hungry ghosts
  Eustachio (D:6)
  A steam dragon (D:14)
  3 vampire mosquitoes (Swamp:2)
  4 nagas (Lair:4)
  9 swamp worms
  4 insubstantial wisps (Swamp:3)
  6 wargs (Orc:2)
  A soldier ant (D:13)
  6 hell hounds
  12 water moccasins
  4 porcupines
  Duvessa (D:7)
  24 orc warriors
  2 black bears
  2 ice beasts
  5 swamp drakes
  4 phantoms
  A sky beast (D:8)
  10 ogres
  13 wolves
  7 centaurs
  4 big kobolds
  18 crocodiles
  19 bullfrogs
  A gnoll sergeant (D:13)
  2 earth elementals (Elf:2)
  2 wyvern skeletons
  2 scorpions
  6 killer bees (D:7)
  6 wights
  2 electric eels (Lair:3)
  3 howler monkeys (D:12)
  A bullfrog zombie (D:8)
  4 lava snakes (Lair:6)
  10 crimson imps
  2 centaur zombies
  4 hounds
  11 orc priests
  Crazy Yiuf (D:2)
  A bullfrog skeleton (D:12)
  16 jellies
  16 orc wizards
  10 iron imps
  4 centaur skeletons
  4 iguanas
  2 worker ants
  Robin (D:2)
  5 gnolls
  5 adders
  5 shadow imps
  A white imp (Orc:2)
  2 oozes
  An adder skeleton (D:3)
  2 leopard geckos
  42 orcs
  A giant cockroach (D:1)
  8 goblins
  A hobgoblin (D:2)
  10 jackals
  5 quokkas
  A ball python (D:2)
  2 bats (D:2)
  A frilled lizard (D:1)
  10 kobolds
  4 rats
  2 fungi
  2 plants (Lair:6)
715 creatures vanquished.

Vanquished Creatures (others)
  2 deep elf knights (Elf:2)
  A deep elf mage (Elf:2)
  A spiny frog (Swamp:2)
  6 humans (Swamp:2)
  3 orcs
  A kobold (D:11)
  A bush (Lair:6)
  21 fungi
  13 plants
49 creatures vanquished.

Grand Total: 1024 creatures vanquished

Notes
Turn   | Place    | Note
-------+----------+-------------------------------------------
     0 | D:1      | GameOver the Naga Summoner began the quest for the Orb.
     0 | D:1      | Reached XP level 1. HP: 15/15 MP: 3/3
    84 | D:1      | Reached XP level 2. HP: 21/22 MP: 5/5
   287 | D:1      | Reached XP level 3. HP: 28/28 MP: 6/6
   301 | D:1      | Learned a level 3 spell: Call Canine Familiar
   609 | D:2      | Reached XP level 4. HP: 27/36 MP: 2/7
   610 | D:2      | Noticed Robin
   614 | D:2      | Reached skill level 5 in Summonings
   781 | D:2      | Killed Robin
   838 | D:2      | Found a runed door.
  1412 | D:3      | Reached skill level 5 in Stealth
  1413 | D:3      | Noticed an orc warrior
  1512 | D:3      | Reached XP level 5. HP: 31/42 MP: 5/8
  1518 | D:3      | Learned a level 4 spell: Summon Lightning Spire
  1582 | D:3      | Reached skill level 1 in Air Magic
  1880 | D:3      | Killed an orc warrior
  1893 | D:3      | Reached XP level 6. HP: 24/49 MP: 3/9
  2285 | D:4      | Found a staircase to the Ecumenical Temple.
  2303 | Temple   | Entered the Ecumenical Temple
  2386 | Temple   | Became a worshipper of Cheibriados the Contemplative
  2755 | D:4      | Noticed dobroeutro's ghost (amateur DsGl)
  2868 | D:2      | Noticed Crazy Yiuf
  2872 | D:2      | Killed Crazy Yiuf
  3353 | D:4      | Found a sparkling altar of Nemelex Xobeh.
  3607 | D:4      | Killed dobroeutro's ghost
  3607 | D:4      | Reached XP level 7. HP: 48/55 MP: 2/10
  3674 | D:5      | Entered Level 5 of the Dungeon
  3752 | D:5      | Reached * piety under Cheibriados
  4137 | D:5      | Found a sparkling altar of Nemelex Xobeh.
  4178 | D:5      | Found a radiant altar of Vehumet.
  4555 | D:6      | Reached skill level 5 in Air Magic
  4663 | D:6      | Reached XP level 8. HP: 60/62 MP: 7/11
  4914 | D:6      | Noticed Eustachio
  4926 | D:6      | Killed Eustachio
  4935 | D:6      | Found a burning altar of Makhleb.
  5135 | D:6      | Reached ** piety under Cheibriados
  5252 | D:6      | Noticed Blork the orc
  5256 | D:6      | Killed Blork the orc
  5440 | D:7      | Noticed Duvessa
  5440 | D:7      | Noticed Dowan
  5444 | D:7      | Killed Dowan
  5452 | D:7      | Killed Duvessa
  5553 | D:6      | Reached XP level 9. HP: 20/68 MP: 5/12
  5885 | D:7      | Reached *** piety under Cheibriados
  6077 | D:7      | Reached skill level 1 in Invocations
  6635 | D:7      | Reached **** piety under Cheibriados
  6663 | D:7      | Reached skill level 5 in Invocations
  6972 | D:8      | Noticed a troll
  6977 | D:8      | Killed a troll
  7039 | D:8      | Found a stormy altar of Qazlal.
  7043 | D:8      | Noticed a two-headed ogre
  7087 | D:8      | Killed a two-headed ogre
  7089 | D:8      | Found a blossoming altar of Fedhas.
  7250 | D:8      | Reached XP level 10. HP: 75/75 MP: 15/15
  7384 | D:8      | Reached ***** piety under Cheibriados
  7630 | D:8      | Reached skill level 10 in Invocations
  7981 | D:8      | Learned a level 4 spell: Summon Ice Beast
  8200 | D:9      | Reached skill level 1 in Ice Magic
  8311 | D:9      | Reached skill level 1 in Armour
  8389 | D:9      | Noticed an unseen horror
  8420 | D:9      | Killed an unseen horror
  8495 | D:9      | Noticed a two-headed hydra
  8506 | D:9      | Killed a two-headed hydra
  8506 | D:9      | Reached XP level 11. HP: 81/81 MP: 16/18
  8891 | D:10     | Entered Level 10 of the Dungeon
  9273 | D:10     | Noticed a hill giant
  9280 | D:10     | Killed a hill giant
  9280 | D:10     | Reached skill level 1 in Maces & Flails
  9280 | D:10     | Reached skill level 5 in Spellcasting
  9297 | D:10     | Learned a level 2 spell: Repel Missiles
  9304 | D:10     | Learned a level 5 spell: Lightning Bolt
  9687 | D:11     | Reached skill level 1 in Conjurations
  9826 | D:11     | Reached ****** piety under Cheibriados
  9882 | D:11     | Reached skill level 2 in Conjurations
  9883 | D:11     | Noticed a white ugly thing
  9886 | D:11     | Killed a white ugly thing
  9886 | D:11     | Reached skill level 5 in Ice Magic
  9911 | D:11     | Noticed a brown ugly thing
  9916 | D:11     | Killed a brown ugly thing
 10007 | D:11     | Noticed a red ugly thing
 10016 | D:11     | Killed a red ugly thing
 10016 | D:11     | Reached skill level 3 in Conjurations
 10092 | D:11     | Found Bihetzi's Magic Scroll Boutique.
 10100 | D:11     | Bought a scroll of identify for 28 gold pieces
 10100 | D:11     | Bought a scroll of recharging for 133 gold pieces
 10100 | D:11     | Bought a scroll of brand weapon for 280 gold pieces
 10100 | D:11     | Bought a scroll of identify for 28 gold pieces
 10274 | D:11     | Noticed an unseen horror
 10286 | D:11     | Killed an unseen horror
 10367 | D:11     | Reached skill level 4 in Conjurations
 10447 | D:11     | Found a staircase to the Lair.
 10491 | D:11     | Noticed a seven-headed hydra
 10506 | D:11     | Killed a seven-headed hydra
 10588 | D:11     | Noticed a cyclops
 10606 | D:11     | Killed a cyclops
 10649 | D:11     | Noticed a hill giant
 10656 | D:11     | Killed a hill giant
 10775 | D:11     | Noticed a brown ugly thing
 10783 | D:11     | Killed a brown ugly thing
 10783 | D:11     | Reached skill level 5 in Conjurations
 10856 | Lair:1   | Entered Level 1 of the Lair of Beasts
 11069 | Lair:1   | Reached skill level 6 in Conjurations
 11300 | Lair:1   | Reached XP level 12. HP: 69/88 MP: 22/22
 11667 | Lair:2   | Got a brightly glowing war axe
 11732 | Lair:2   | Reached skill level 7 in Conjurations
 12049 | Lair:2   | Identified the +1 war axe "Ifugoass" {vamp, rPois rC+ MP+9} (You found it on level 2 of the Lair of Beasts)
 12134 | Lair:2   | Found a staircase to the Swamp.
 12140 | Lair:2   | Reached skill level 1 in Shields
 12357 | Lair:2   | Reached skill level 8 in Conjurations
 12577 | Lair:3   | Found a labyrinth entrance.
 12587 | Lab      | Entered a labyrinth
 12754 | Lab      | Noticed a minotaur
 12758 | Lab      | Killed a minotaur
 12771 | Lab      | Learned a level 1 spell: Apportation
 12771 | Lab      | Got a steaming robe
 12782 | Lab      | Identified the +1 robe of the Onion {rPois rC+ MR+ Dex-2} (You found it in a labyrinth)
 12852 | Lair:3   | Noticed a six-headed hydra
 12858 | Lair:3   | Killed a six-headed hydra
 13482 | Lair:4   | Reached skill level 9 in Conjurations
 13702 | Lair:4   | Identified a +0 rod of inaccuracy (14/14) (You found it on level 4 of the Lair of Beasts)
 13871 | Lair:4   | Found a staircase to the Snake Pit.
 14223 | Lair:5   | Noticed Josephine
 14235 | Lair:5   | Killed Josephine
 14285 | Lair:5   | Found a staircase to the Slime Pits.
 14814 | Lair:5   | Gained mutation: You can use your snake-like lower body to constrict enemies. [Naga growth]
 14814 | Lair:5   | Reached XP level 13. HP: 94/94 MP: 25/25
 14866 | Lair:6   | Entered Level 6 of the Lair of Beasts
 15209 | Lair:6   | Found a large runed door.
 15209 | Lair:6   | Noticed a fire dragon
 15210 | Lair:6   | Found a large runed door.
 15275 | Lair:6   | Reached skill level 10 in Conjurations
 15957 | Lair:6   | Killed a fire dragon
 16039 | Lair:6   | Reached skill level 10 in Summonings
 16296 | D:12     | Found a staircase to the Orcish Mines.
 16308 | D:12     | Got a slimy leather armour
 16319 | D:12     | Identified the +0 leather armour "Taaf" {-Cast rPois MR++ Int+2} (You found it on level 12 of the Dungeon)
 16345 | D:12     | Reached skill level 10 in Spellcasting
 16393 | D:12     | Found a corrupted altar of Lugonu.
 16878 | D:12     | Reached skill level 11 in Conjurations
 16947 | Orc:1    | Entered Level 1 of the Orcish Mines
 17273 | Orc:2    | Entered Level 2 of the Orcish Mines
 17280 | Orc:2    | Found Asytene's Book Shop.
 17306 | Orc:2    | Reached XP level 14. HP: 89/102 MP: 21/28
 17437 | Orc:2    | Noticed an orc warlord
 17452 | Orc:2    | Killed an orc warlord
 17831 | Orc:2    | Found Raonalem's Antique Weapon Emporium.
 17855 | Orc:2    | Found Ithixak's General Store.
 17868 | Orc:2    | Bought a scroll of identify for 36 gold pieces
 17877 | Orc:2    | Found a staircase to the Elven Halls.
 17897 | Orc:2    | Found Nuecvuv's Antique Armour Emporium.
 17905 | Orc:2    | Bought a scorched cloak for 275 gold pieces
 17915 | Orc:2    | Identified the +0 cloak of Awe {*Drain rPois rCorr Stlth+} (You bought it in a shop on level 2 of the Orcish Mines)
 18001 | Orc:2    | Noticed Azrael
 18089 | Orc:2    | Killed Azrael
 18167 | Orc:2    | Reached skill level 12 in Conjurations
 18185 | Orc:2    | Learned a level 2 spell: Blink
 18368 | Orc:2    | Bought a glowing hand crossbow for 228 gold pieces
 18418 | Orc:2    | Reached skill level 1 in Translocations
 18621 | D:13     | Reached skill level 1 in Charms
 19047 | D:13     | Found a gate to the Vaults.
 19431 | Lair:1   | Learned a level 7 spell: Orb of Destruction
 19439 | Lair:1   | Learned a level 7 spell: Spellforged Servitor
 19526 | Swamp:1  | Entered Level 1 of the Swamp
 19698 | D:11     | Bought a scroll of acquirement for 728 gold pieces
 19838 | D:14     | Found Xegech's Jewellery Shop.
 20207 | D:14     | Got a shimmering spear
 20208 | D:14     | Identified the +1 spear "Akhu" {speed, rN+ Stlth+} (You found it on level 14 of the Dungeon)
 21212 | Swamp:2  | Noticed a thorn hunter
 21215 | Swamp:2  | Killed a thorn hunter
 21215 | Swamp:2  | Reached skill level 13 in Conjurations
 21215 | Swamp:2  | Reached XP level 15. HP: 108/108 MP: 29/29
 21221 | Swamp:2  | Noticed Frances
 21238 | Swamp:2  | Killed Frances
 21270 | Swamp:2  | Noticed Kirke
 21283 | Swamp:2  | Killed Kirke
 21331 | Swamp:2  | Noticed Louise
 21370 | Swamp:2  | Killed Louise
 21551 | Swamp:2  | Noticed Roxanne
 21563 | Swamp:2  | Killed Roxanne
 21601 | Swamp:2  | Noticed a thorn hunter
 21607 | Swamp:2  | Killed a thorn hunter
 22021 | Swamp:3  | Noticed a thorn hunter
 22028 | Swamp:3  | Killed a thorn hunter
 22532 | Swamp:3  | Reached skill level 14 in Conjurations
 22907 | Elf:1    | Entered Level 1 of the Elven Halls
 23172 | Elf:1    | Identified the Incunabulum of Unstable Stones
 23888 | Elf:2    | Reached XP level 16. HP: 99/115 MP: 28/30
 24058 | Elf:2    | Reached skill level 15 in Conjurations
 24326 | Elf:2    | Identified Naehe's Volume of the Mountains
 24367 | Elf:2    | Found a runed gate.
 24368 | Elf:2    | Found a runed gate.
 24371 | Elf:2    | Found a runed gate.
 24453 | Elf:2    | Killed from afar by a deep elf knight

Vault maps used:
D:1:      doesnt_arrival_goblin_jail
D:2:      uniq_crazy_yiuf_cottage, uniq_robin
D:4:      first_bread, nemelex_dance_club_becter
D:5:      basic_altar, nemelex_diamond_rough_becter
D:6:      demons_altar, nrook_pool_corridor, uniq_eustachio, uniq_blork_the_orc
D:7:      uniq_duvessa
D:8:      minmay_imperfect_grid, grunt_temple_overflow_forces_of_nature
D:9:      hangedman_ranch
D:11:     erik_lair_dragon, serial_shops, shop
D:12:     orc_0_dummy, lemuel_hellish_altar
D:13:     david_vaults_4
D:14:     serial_shops, shop
Temple:   hc_temple_tempest_star
Lair:2:   minmay_swamp_entry_worms
Lair:3:   lab_entry_generic, grunt_megastairs_2, serial_bayou_shore_a
Lair:4:   minmay_snake_entry_guardpost_medium, infiniplex_staircase_pool_2,
          grunt_megastairs_5
Lair:5:   minmay_slime_entry_jelly_boxes, uniq_josephine
Lair:6:   cheibrodos_lair_end_hotspot, minmay_lair_oklob_bushes
Swamp:1:  nicolae_swamp_very_dense_foliage
Swamp:2:  infiniplex_staircase_pool, ldierk_geyser, uniq_louise, uniq_kirke,
          uniq_frances, uniq_roxanne
Swamp:3:  hangedman_swamp_blocks
Orc:2:    grunt_orc_gardens, grunt_orc_garden, grunt_orc_garden,
          grunt_orc_garden, grunt_orc_garden, hangedman_minor_magic, uniq_azrael
Elf:1:    elf_arrival_002, kennysheep_underground_church, grunt_megastairs_3
Elf:2:    hangedman_research_geology
Lab:      labyrinth_watery, nicolae_lab_starburst, nicolae_lab_arrow,
          nicolae_lab_hexagon, labyrinth_skeletal_remains, nicolae_lab_t_cross

Skill      XL: |  1  2  3  4  5  6  7  8  9 10 11 12 13 14 15 16 |
---------------+-------------------------------------------------+-----
Stealth        | 4 5 6 7 8 |  8.0
Summonings     | 5 6 7 8 10 12 14 | 14.9
Air Magic      | 2 3 5 7 8 |  8.1
Invocations    | 7 10 | 10.0
Spellcasting   | 4 7 8 10 | 10.0
Ice Magic      | 3 5 |  5.0
Armour         | 2 3 |  3.0
Maces & Flails | 1 |  1.5
Conjurations   | 6 9 11 13 14 15 | 15.0
Shields        | 3 |  3.4
Translocations | 3 |  3.0
Charms         | 3 |  3.5
Dodging        | |  1.5

Action                   |  1- 3 |  4- 6 |  7- 9 | 10-12 | 13-15 | 16-18 || total
-------------------------+-------+-------+-------+-------+-------+-------++-------
Melee: Unarmed           |     1 |       |       |       |       |       ||     1
       Short sword       |    19 |    56 |    72 |    64 |       |       ||   211
       Hunting sling     |       |     1 |       |       |       |       ||     1
       Demon whip        |       |       |       |    27 |       |       ||    27
       Staff             |       |       |       |    46 |   178 |    15 ||   239
       Constrict         |       |       |       |       |    54 |     5 ||    59
 Fire: Hunting sling     |       |    59 |       |       |       |       ||    59
       Shortbow          |       |    22 |   117 |     8 |       |       ||   147
       Hand crossbow     |       |       |       |    69 |     1 |       ||    70
 Cast: Summon Small Mamm |    21 |     2 |       |       |       |       ||    23
       Call Canine Famil |     3 |    18 |    16 |    28 |     1 |       ||    66
       Summon Lightning  |       |     4 |    28 |    67 |   170 |     5 ||   274
       Summon Ice Beast  |       |       |       |   121 |   292 |     6 ||   419
       Lightning Bolt    |       |       |       |     3 |    14 |       ||    17
       Repel Missiles    |       |       |       |     1 |     2 |     1 ||     4
       Orb of Destructio |       |       |       |       |    10 |       ||    10
       Spellforged Servi |       |       |       |       |     5 |     8 ||    13
Invok: Bend Time         |       |       |       |     4 |     8 |     1 ||    13
       Slouch            |       |       |       |     2 |    15 |       ||    17
 Abil: Spit Poison       |    29 |    44 |    47 |    67 |    68 |     5 ||   260
Evoke: Wand              |       |       |       |     2 |     2 |     1 ||     5
  Use: Scroll            |       |     6 |     7 |    20 |    11 |       ||    44
       Potion            |       |     4 |     5 |     1 |     3 |       ||    13
 Stab: Sleeping          |       |     2 |     5 |     3 |     1 |     1 ||    12
       Distracted        |       |     1 |     2 |     3 |    19 |       ||    25
  Eat: Chunk             |     1 |    13 |    15 |    27 |    32 |     3 ||    91
       Pizza             |       |     1 |       |       |       |       ||     1
       Beef jerky        |       |       |     2 |       |       |       ||     2
       Fruit             |       |       |       |     1 |     3 |       ||     4
Armor: Robe              |     8 |    16 |    29 |    20 |       |       ||    73
       Skin              |       |       |     2 |       |       |       ||     2
       Troll leather arm |       |       |       |    57 |   152 |    10 ||   219
       Leather armour    |       |       |       |     1 |       |       ||     1
Dodge: Dodged            |    16 |    50 |    69 |   131 |   183 |    12 ||   461
       Deflected         |       |       |       |       |    14 |     7 ||    21
Block: Buckler           |       |       |       |    14 |   117 |     8 ||   139
       Reflection        |       |       |       |       |    10 |     2 ||    12
